 Dungeon Crawl Stone Soup version 0.24-a0-290-gbb66a672fa (webtiles) character file.

Game seed: 10373558170819844393

65 Redear the Skirmisher (level 3, -8/29 HPs)
             Began as a Demonspawn Chaos Knight on May 8, 2019.
             Was a Plaything of Xom.
             Mangled by Sigmund
             ... wielding a +0 scythe
              (11 damage)
             ... on level 2 of the Dungeon.
             The game lasted 00:01:34 (1208 turns).

Redear the Skirmisher (Demonspawn Chaos Knight)     Turns: 1208, Time: 00:01:35

Health: -8/29      AC:  5    Str: 10 (13) XL:     3   Next: 92%
Magic:  3/3        EV: 13    Int: 11 (13) God:    Xom [..*...]
Gold:   61         SH:  0    Dex: 10 (12) Spells: 2/2 levels left

rFire    . . .     SeeInvis .   a - +0 hand axe (chaos)
rCold    . . .     Gourm    .   (no shield)
rNeg     . . .     Faith    .   b - +2 leather armour
rPois    .         Spirit   .   (no helmet)
rElec    .         Reflect  .   (no cloak)
rCorr    .         Harm     .   (no gloves)
MR       .....                  (no boots)
Stlth    ++........             (no amulet)
HPRegen  0.09/turn              (no ring)
MPRegen  0.08/turn              (no ring)

@: confused
A: repulsion field 1, nightstalker 1
a: Renounce Religion


You were on level 2 of the Dungeon.
You worshipped Xom.
You were a toy of Xom.
You were very hungry.

You visited 1 branch of the dungeon, and saw 2 of its levels.

You collected 61 gold pieces.

Inventory:

Hand Weapons
 a - a +0 hand axe of chaos (weapon)
Armour
 b - a +2 leather armour (worn)
Jewellery
 h - an uncursed ring of wizardry {unknown}
Wands
 j - a wand of random effects (23)
Scrolls
 c - 3 scrolls of remove curse {unknown}
 d - a scroll of magic mapping {unknown}
 e - a scroll of identify {unknown}
 i - a scroll of teleportation {unknown}
Potions
 g - a potion of degeneration {!q}
Comestibles
 z - 4 rations


   Skills:
 + Level 3.5 Fighting
 + Level 3.2 Axes
 + Level 2.4 Armour
 + Level 1.8 Dodging


You had 2 spell levels left.
You didn't know any spells.
Your spell library was empty.

Dungeon Overview and Level Annotations

Branches:
Dungeon (2/15)

Altars:

Annotations:
D:2 Sigmund


Innate Abilities, Weirdness & Mutations

You are surrounded by a mild repulsion field. (EV +2)
You are slightly more attuned to the shadows.


Message History

You hear some strange, mumbled words.
A puff of flame appears from out of thin air!
The puff of flame hits you.
You take 4 damage, and have 11/29 hp.
You hear some strange, mumbled words.
You are more confused.
Something hits you.
You take 1 damage, and have 10/29 hp.
You bump into the rock wall.
You barely miss something. Something hits you.
* * * LOW HITPOINT WARNING * * *
You take 2 damage, and have 8/29 hp.
You closely miss something. Something hits you.
* * * LOW HITPOINT WARNING * * *
You take 5 damage, and have 3/29 hp.
Sigmund appears from thin air!
Reactivating autopickup.
Sigmund hits you with a +0 scythe!
You die...
Xom titters!

#.#.#.. #.#.#.. ...
##.###..
#......+.......
#......##.###.. ..
#....#.....##..
...######..#...........
#.......#..#. #.......#
#.....@@#..#..+..†....#
#.......'..#..#........
#.......##.#....#.###.#
#..$....##.#..#.#.# ###
#.......##.#..#.#.#####
#.......##.#..#........
#####.####.#..#...#####
#. #.##.#...#
#...[....#


You could see Sigmund.

Vanquished Creatures
  2 adders (D:2)
  2 dart slugs (D:1)
  2 leopard geckos (D:1)
  9 bats
  2 giant cockroaches (D:1)
  3 goblins
  4 hobgoblins
  A quokka (D:2)
  2 ball pythons (D:2)
  4 frilled lizards
  6 kobolds (D:1)
  4 rats
41 creatures vanquished.

Notes
Turn   | Place    | Note
-------+----------+-------------------------------------------
     0 | D:1      | Redear the Demonspawn Chaos Knight began the quest for the
                  | Orb.
     0 | D:1      | Reached XP level 1. HP: 18/18 MP: 1/1
    16 | D:1      | Reached skill level 1 in Dodging
    56 | D:1      | Reached skill level 2 in Armour
    56 | D:1      | Gained mutation: You are slightly more attuned to the
                  | shadows. [demonic ancestry]
    56 | D:1      | Reached XP level 2. HP: 24/24 MP: 2/2
   298 | D:1      | Reached skill level 3 in Axes
   446 | D:1      | Gained mutation: You are surrounded by a mild repulsion
                  | field. (EV +2) [demonic ancestry]
   446 | D:1      | Reached XP level 3. HP: 28/29 MP: 3/3
   799 | D:1      | XOM: divination: detect items
  1187 | D:2      | Noticed Sigmund
  1208 | D:2      | Mangled by Sigmund

Levels and vault maps discovered:
D:1:      lightli_arrival_maybe_door_vault, layout_basic, minmay_crystal_room,
          st_stairs_6, serial_park_tiny_pond,
          wander_ebering_terrifying_dragon_lair
D:2:      layout_basic, serial_bayou_pond_e, kennysheep_generic_room_15,
          uniq_sigmund

Skill      XL: |  1  2 |
---------------+-------+-----
Dodging        | 1 |  1.8
Armour         | 2 |  2.4
Axes           | 3 |  3.2
Fighting       | |  3.5

Action                   || total
-------------------------++-------
Melee: Hand axe          ||   114
  Use: Potion            ||     2
 Stab: Sleeping          ||     5
       Paralysed         ||     1
       Confused          ||     1
Armor: Leather armour    ||    55
Dodge: Dodged            ||    79

Table legend:
 A = Non-vault XP
 B = Vault XP
 C = Vault XP percentage of total XP
 D = Non-vault monster count
 E = Vault monster count
 F = Vault count percentage of total count
                 A         B        C        D         E       F
            +---------+---------+-------+---------+---------+-------
      Total |      87 |       6 |   6.5 |      38 |       3 |   7.3
            +---------+---------+-------+---------+---------+-------
        D:1 |      44 |       6 |  12.0 |      26 |       3 |  10.3
        D:2 |      43 |       0 |   0.0 |      12 |       0 |   0.0
            +---------+---------+-------+---------+---------+-------
